[Event "57th Biel Festival MTO 2024"]
[White "Holzke,Frank"]
[Black "Shoshin,Kirill"]
[Site "Biel"]
[Round "4.18"]
[Annotator "TA"]
[Result "1-0"]
[Date "2024.07.18"]
[WhiteElo "2450"]
[BlackElo "2277"]
[PlyCount "71"]
[TimeControl "60"]

1. e4 c5 2. Nf3 Nc6 3. Bb5 g6 4. O-O Bg7 5. d3 Nf6 6. Nc3 Nd4 7. e5 Ng4 8. Re1 {[%emt 0:2:15] Strongly threatening Nxd4.} a6 (8... O-O $11 )9. Bc4 O-O (9... Nxf3+ 10. Qxf3 O-O (10... Nxe5 $2 11. Rxe5 e6 12. Rxc5 $18 )11. Qxg4 $16 )10. Bf4 (10. Nxd4 {simplifies} cxd4 11. Qxg4 dxc3 12. Qg3 )d6 11. exd6 $1 exd6 12. a4 Be6 13. Ng5 Ne5 14. Nd5 (14. Bxe5 $11 Bxe5 15. Nxe6 fxe6 16. Rxe5 dxe5 17. a5 )h6 (14... Nxc4 $15 15. dxc4 Bxd5 16. cxd5 Qf6 )15. Ne4 $11 f5 {[%emt 0:4:41] And now ...Nxc4 would win.} 16. Ng3 (16. Nd2 {simplifies} Bf7 17. c3 Ndc6 18. Bxe5 dxe5 19. Ne3 )g5 17. Bd2 f4 (17... Nxc4 {simplifies} 18. dxc4 f4 19. Ne4 Bxd5 20. cxd5 f3 )18. Nh5 f3 {[%emt 0:0:52] White must now prevent ...fxg2.} 19. c3 $1 Nf5 ({Black should play} 19... Ne2+ $11 20. Rxe2 fxe2 21. Qxe2 Kh8 22. Nxg7 Kxg7 )20. d4 (20. gxf3 Nh4 21. f4 Nef3+ 22. Kh1 Bh3 $19 (22... Nxe1 23. Qxe1 Bh3 24. fxg5 $15 ))(20. g4 $1 $14 Nh4 21. d4 Nxc4 22. Rxe6 )cxd4 (20... Nxc4 $11 21. Rxe6 Qd7 )21. cxd4 (21. g4 $1 $14 Ne3 (21... Nxc4 $2 {is the wrong capture.} 22. Rxe6 Nh4 23. h3 $18 )22. Bxe3 (22. fxe3 $2 {perishes.} f2+ 23. Kg2 fxe1=N+ 24. Qxe1 Nxc4 $19 )dxe3 23. Nxe3 (23. Rxe3 Rc8 $14 )Nxc4 24. Nxg7 Kxg7 (24... Nxe3 25. Rxe3 Bxg4 26. Ne6 $16 )25. Nxc4 )Nxd4 (21... Nxc4 $11 22. Rxe6 Qd7 )22. Bc3 $1 $16 {[%emt 0:8:52] Some like it hot} Ne2+ 23. Rxe2 ({Better is} 23. Bxe2 $16 fxe2 24. Rxe2 )fxe2 $11 24. Qxe2 {[%emt 0:0:22] Qe4 would now be deadly.} Rc8 25. Nxg7 (25. Ba2 {seems wilder.} Rxc3 26. bxc3 Qd7 27. Ne3 )Bxd5 (25... Kxg7 $14 26. Rd1 (26. Bxe5+ dxe5 27. Qxe5+ Kf7 $11 )Rc6 )26. Bxd5+ $16 {[%emt 0:0:15] This pair of bishops is nice.} Kxg7 27. Bxb7 Rxc3 28. bxc3 a5 29. Qe3 (29. Bd5 $142 )Qc7 30. Bd5 Rb8 {[%emt 0:0:18] Inhibits Rb1.} (30... Qc5 $16 {was called for.} 31. Qd2 Ng4 )31. Re1 (31. Qd2 $18 )Rb2 {[%emt 0:0:13] [#]} 32. h4 ({White should try} 32. Rf1 $1 $16 )gxh4 $2 {[%emt 0:0:55][%mdl 8192] [#] This move loses the game for Black.} (32... Qb6 $1 $14 )33. c4 $1 {[%emt 0:0:19][%mdl 512] White is clearly winning.} Rc2 (33... Rb8 $142 34. Qd4 (34. c5 Re8 $18 )Qb6 35. Qxh4 Qd8 )(33... Qb6 34. c5 )34. Rb1 Ra2 35. Qf4 {[%emt 0:2:6] Threatens to win with Rb7.} Kg6 36. Be4+ {[%emt 0:0:32] Weighted Error Value: White=0.28 (precise) /Black=0.49.  Loses game:     	---       	Black=1      Mistake:       	White=7     	Black=8      Inaccurate:     	White=5     	Black=1      OK:         	White=3     	Black=4      Best:        	White=1     	Black=3      Strong:       	White=3     	---} 1-0

[Event "57th Biel Festival MTO 2024"]
[White "Collin,Moritz Valentin"]
[Black "Saraci,Nderim"]
[Site "Biel"]
[Round "4.19"]
[Annotator "TA"]
[Result "1/2-1/2"]
[Date "2024.07.18"]
[WhiteElo "2312"]
[BlackElo "2449"]
[PlyCount "103"]
[TimeControl "60"]

1. d4 Nf6 2. c4 g6 3. h4 c5 4. d5 b5 5. cxb5 a6 6. e3 {[%emt 0:0:5] E60: King's Indian: Unusual lines and Fianchetto Variation without Nc3.} Bg7 7. Nc3 axb5 8. Bxb5 Ba6 9. Bxa6 Rxa6 10. Nf3 d6 11. e4 Nbd7 12. a4 O-O 13. O-O Qa8 14. Ra3 $146 ({Predecessor:} 14. Nb5 Qb7 15. Qc2 Nb6 16. Ra3 Rc8 17. Bf4 Qd7 18. Rfa1 Qg4 19. g3 Nh5 20. Bd2 {0-1 Ismagilov,I (2220)-Mochalov,D (2001) Cheliabinsk Panchenko Memorial op-A 2022 (2)} )Rb8 15. Nb5 Rb7 (15... Nxe4 $2 16. Nc7 Qa7 17. Nxa6 Qxa6 18. Re1 $18 )16. Nd2 Nb6 17. b3 c4 18. bxc4 (18. Nxc4 $16 {Hoping for Qe2.} Nxc4 19. bxc4 )Nfd7 19. Qc2 Rxa4 20. Bb2 (20. Rxa4 {simplifies} Qxa4 21. Qxa4 Nxa4 22. Nb3 )Rxa3 21. Bxa3 Qa4 (21... Bh6 $11 22. Nf3 Qc8 )22. Qxa4 $1 $14 Nxa4 23. Nb3 Nc3 24. Nxc3 Rxb3 25. Nb5 Ne5 26. Rc1 f5 27. exf5 gxf5 28. Bxd6 exd6 29. Nxd6 Nd3 30. Rd1 f4 31. Ne4 Nb2 32. Rc1 Rb4 (32... Nd3 $11 {keeps the balance.} 33. Rc2 Rb1+ 34. Kh2 Re1 )33. d6 $16 Kf8 (33... Nxc4 $2 34. d7 Rb8 35. Rxc4 Rb1+ 36. Kh2 $18 )(33... Rxc4 $2 34. Rxc4 Nxc4 35. d7 $18 )34. Ng5 (34. d7 {with more complications.} Ke7 35. Nc5 Nxc4 36. Ne6 )Rxc4 35. Rxc4 Nxc4 36. Ne6+ (36. Nxh7+ Ke8 37. Kf1 Kd7 $11 (37... Nxd6 $2 38. Ng5 $19 ))Kf7 37. Nxg7 (37. Nxf4 Bf6 (37... Nxd6 38. Kf1 $17 )38. g3 Nxd6 $15 )Nxd6 $1 38. Nh5 Nf5 39. Nxf4 Nxh4 40. g4 Nf3+ 41. Kg2 Nd2 42. Nh5 h6 43. f4 Nc4 44. Ng3 Ne3+ 45. Kf3 Nd5 46. Ke4 (46. Nf5 $16 Kg6 47. Nh4+ Kf6 48. Ng2 )Nf6+ $1 $11 47. Kf5 Nd5 $1 48. Nf1 Kg7 49. Ke5 Nf6 50. Ne3 Kg6 51. Ke6 h5 52. gxh5+ 1/2-1/2

[Event "57th Biel Festival MTO 2024"]
[White "Gan-Erdene,Sugar"]
[Black "Peycheva,Gergana"]
[Site "Biel"]
[Round "4.20"]
[Annotator "TA"]
[Result "1-0"]
[Date "2024.07.18"]
[WhiteElo "2424"]
[BlackElo "2266"]
[PlyCount "127"]
[TimeControl "60"]

1. e4 c6 2. Nf3 d5 3. Nc3 Bg4 4. h3 Bxf3 5. Qxf3 Nf6 6. Be2 e6 7. O-O Nbd7 8. d4 {[%emt 0:4:5] B11: Caro-Kann: Two Knights Variation.} dxe4 9. Nxe4 Nxe4 10. Qxe4 Nf6 11. Qd3 Be7 12. b3 O-O 13. Bb2 Qc7 14. c4 Rad8 15. Qf3 Rd7 $146 ({Predecessor:} 15... Nd7 16. Rfd1 Bf6 17. a3 Rfe8 18. Bd3 Nf8 19. Bc2 Rd7 20. Qe4 Red8 21. Rd2 Ng6 {0-1 Turutin,A (2394)-Sargsyan,A (2384) Titled Tuesday intern op 18th Oct Late blitz 2022 (10)} )16. Rad1 Rfd8 17. a3 Ne8 18. Qe3 Bf6 19. Bc3 a5 20. Rd2 g6 21. Rfd1 Bg7 22. a4 b6 23. Bf3 Nd6 24. g4 Nc8 25. Bg2 Ne7 26. Qf3 Bh6 27. Rd3 Bg7 28. R3d2 Bh8 29. h4 Bg7 30. Bh3 h6 31. h5 g5 32. Bg2 Kf8 33. Qe3 Qf4 34. Qxf4 gxf4 35. c5 Rb8 36. cxb6 Rxb6 37. Rb1 (37. Bxa5 Rxb3 38. Be4 Ke8 $11 )Ra7 38. Rc2 Ke8 39. Bd2 $1 Bxd4 (39... Rab7 $14 )40. Bxf4 $16 Rab7 41. Rd1 Bg7 42. g5 hxg5 43. Bxg5 f6 (43... Bh8 $16 44. h6 Nd5 )44. Be3 $18 Rb4 (44... Rxb3 $142 45. h6 (45. Bxc6+ Nxc6 46. Rxc6 Kf7 $18 )Rb1 )45. h6 Bf8 (45... Bxh6 {might work better.} 46. Bxh6 Rg4 )46. Rxc6 $18 (46. Bxc6+ Nxc6 47. Rxc6 Kf7 $18 )Kf7 47. Ra6 Rc7 (47... Rb8 $142 48. Rd7 (48. Rxa5 Rxb3 49. Ra7 Rxe3 $18 )Rh4 )48. Rxa5 $18 Rxb3 49. h7 Ng6 50. Rh5 Kg7 51. Bh6+ Kh8 52. Bxf8 Nxf8 53. Rd8 Rf7 54. a5 Ra3 55. Bb7 f5 56. a6 f4 57. Bc8 (57. Be4 $142 Ra1+ 58. Kh2 )f3 58. Bxe6 Rf6 59. Bc8 (59. Bc4 $142 Rf4 60. Bd3 )Ra2 $18 60. Rf5 Rg6+ 61. Kh2 Rxf2+ 62. Kh3 Kxh7 63. Rf7+ Kh6 64. Rdxf8 1-0

[Event "57th Biel Festival MTO 2024"]
[White "Dotzer,Lukas"]
[Black "Song,Ethan"]
[Site "Biel"]
[Round "4.21"]
[Annotator "RC"]
[Result "1/2-1/2"]
[Date "2024.07.18"]
[WhiteElo "2369"]
[BlackElo "2244"]
[PlyCount "109"]
[TimeControl "60"]

1. e4 e5 2. Nf3 Nc6 3. Bb5 Nf6 4. O-O Nxe4 5. Re1 Nd6 6. a4 Be7 7. Nc3 a6 8. Bf1 e4 9. Nxe4 Nxe4 10. Rxe4 d5 11. Re1 d4 12. Bc4 O-O 13. d3 h6 14. Bd2 Bd6 15. h3 Qf6 16. Bd5 Ne7 17. Be4 Ng6 18. c3 c5 19. cxd4 cxd4 20. Qb3 Be6 21. Bd5 Bxd5 22. Qxd5 Bf4 23. Ba5 b6 24. Bb4 Rfd8 25. Qb7 a5 26. Ba3 Rab8 27. Qe4 Rbc8 28. h4 Bd6 29. g3 Bxa3 30. Rxa3 Nf8 31. Ne5 Rc2 32. Ng4 Qe6 33. Ne5 Rxb2 34. Nc6 Re8 35. Raa1 Qxe4 36. dxe4 d3 37. Rad1 Re2 38. f3 f5 39. Rxe2 dxe2 40. Re1 fxe4 41. Rxe2 e3 42. Kf1 Nd7 43. Ra2 Nc5 44. Ke2 Nb3 45. Rc2 Re6 46. Rc3 Nc5 47. Nxa5 Nxa4 48. Ra3 bxa5 49. Rxa4 Re5 50. f4 Rb5 51. Kxe3 h5 52. Kf3 Rb3+ 53. Kg2 Rb2+ 54. Kf3 Rb3+ 55. Ke4 1/2-1/2

[Event "57th Biel Festival MTO 2024"]
[White "Hafiz,Arif Abdul"]
[Black "Jaggy,Matteo"]
[Site "Biel"]
[Round "4.22"]
[Annotator "RC"]
[Result "1-0"]
[Date "2024.07.18"]
[WhiteElo "2367"]
[BlackElo "2211"]
[PlyCount "59"]
[TimeControl "60"]

1. d4 Nf6 2. c4 g6 3. h4 d5 4. cxd5 c6 5. dxc6 Nxc6 6. e3 Bg7 7. Nc3 O-O 8. Bb5 Qb6 9. Nge2 Rd8 10. Qa4 e5 11. dxe5 Ng4 12. Nf4 Ncxe5 13. Be2 Bd7 14. Qb3 Qd6 15. f3 Nf6 16. e4 Qd4 17. Nb5 Bxb5 18. Bxb5 Nxe4 19. fxe4 Ng4 20. Rf1 Qxe4+ 21. Ne2 Be5 22. Bg5 Rd5 23. Rd1 Bd4 24. Rxd4 Rxd4 25. Qxf7+ Kh8 26. Bf6+ Nxf6 27. Qxf6+ Kg8 28. Qxd4 Qb1+ 29. Qd1 Qxb2 30. Bc4+ 1-0

[Event "57th Biel Festival MTO 2024"]
[White "Ayush Sharma"]
[Black "Schnell,Simon"]
[Site "Biel"]
[Round "4.23"]
[Annotator "RC"]
[Result "1-0"]
[Date "2024.07.18"]
[WhiteElo "2325"]
[BlackElo "2139"]
[PlyCount "83"]
[TimeControl "60"]

1. e4 c6 2. Nf3 d5 3. Nc3 Bg4 4. h3 Bxf3 5. Qxf3 e6 6. g3 Nf6 7. d3 Bb4 8. e5 Nfd7 9. Qg4 Bf8 10. f4 Qb6 11. Bg2 c5 12. O-O h5 13. Qd1 Be7 14. Ne2 Nc6 15. c3 O-O-O 16. Kh1 Rdg8 17. a3 g5 18. fxg5 Bxg5 19. d4 Bxc1 20. Qxc1 cxd4 21. cxd4 Rg7 22. b4 Kb8 23. Qd2 Ne7 24. Rac1 Rhg8 25. Rc3 Qa6 26. Kh2 Nb6 27. Nf4 Rh8 28. h4 Nc4 29. Qf2 Qb6 30. Nd3 Rhg8 31. Nc5 Qd8 32. Bh3 b6 33. Na6+ Kb7 34. b5 Ng6 35. Rfc1 Qd7 36. Rxc4 dxc4 37. Bg2+ Kc8 38. Rxc4+ Kd8 39. Nb8 Qxb5 40. Qf6+ Ne7 41. Rc7 Re8 42. Rxe7 1-0

[Event "57th Biel Festival MTO 2024"]
[White "Balabayeva,Xeniya"]
[Black "Sukandar,Irine Kharisma"]
[Site "Biel"]
[Round "4.24"]
[Annotator "RC"]
[Result "1-0"]
[Date "2024.07.18"]
[WhiteElo "2246"]
[BlackElo "2338"]
[PlyCount "79"]
[TimeControl "60"]

1. e4 c5 2. Nf3 Nc6 3. Bb5 Nf6 4. Nc3 g6 5. O-O Bg7 6. Re1 O-O 7. e5 Ne8 8. d3 Nd4 9. Bg5 Nxb5 10. Nxb5 f6 11. exf6 exf6 12. Be3 d6 13. d4 Bd7 14. Nc3 b6 15. dxc5 dxc5 16. Qd5+ Rf7 17. Bf4 g5 18. Bg3 Bf8 19. Rad1 Qc8 20. h4 Bc6 21. Qc4 g4 22. Nh2 f5 23. Nd5 Qb7 24. Ne3 b5 25. Qf4 Ng7 26. Qh6 Re8 27. Nexg4 fxg4 28. Nxg4 Rxe1+ 29. Rxe1 Bxg2 30. Nf6+ Rxf6 31. Qxf6 Bh3 32. f3 Qd5 33. Kf2 c4 34. Bf4 Bc5+ 35. Ke2 Ne6 36. Be5 Bf5 37. Rd1 Bd3+ 38. cxd3 Bd4 39. Bxd4 Nxd4+ 40. Kf2 1-0

[Event "57th Biel Festival MTO 2024"]
[White "Valsecchi,Alessio"]
[Black "Follesa,Enrico"]
[Site "Biel"]
[Round "4.25"]
[Annotator "TA"]
[Result "1-0"]
[Date "2024.07.18"]
[WhiteElo "2483"]
[BlackElo "2241"]
[PlyCount "87"]
[TimeControl "60"]

1. e4 c5 2. Nf3 d6 3. d4 cxd4 4. Nxd4 Nf6 5. Nc3 a6 6. Bg5 e6 7. f4 h6 8. Bxf6 Qxf6 9. Qd2 Nc6 10. Nxc6 bxc6 11. O-O-O Qd8 12. Kb1 Qb6 13. Na4 {[%emt 0:20:27] Die Stellung ist ausgeglichen.} Qc7 ({Vorzuziehen ist} 13... Qb7 $1 $11 )14. h4 {[%emt 0:2:24] Weiß steht aktiver.} (14. Qc3 $14 )Rb8 $11 15. c4 c5 16. g4 g6 17. h5 Bd7 18. Nc3 Bg7 19. hxg6 (19. Qxd6 $2 Qxd6 20. Rxd6 Bxc3 $19 )fxg6 20. Rh3 (20. Qxd6 $2 Qxd6 21. Rxd6 Bxc3 $19 )Ke7 (20... O-O $11 {hält das Gleichgewicht.} )21. Rd3 (21. b3 $142 )Bd4 22. Bg2 (22. Rxd4 $16 cxd4 23. Qxd4 )Qb6 23. b3 {[%emt 0:8:9][%cal Oe4e5] Droht stark e5!} Qb4 $2 {[%emt 0:1:21][%mdl 8192] Danach kann Schwarz die Partie nicht mehr halten.} (23... a5 $14 )24. Rxd4 $18 ({Weniger gut wäre} 24. e5 Qxc4 25. Ne2 (25. exd6+ Kf7 $15 )Qb4 $18 )cxd4 25. Qxd4 {[%emt 0:0:7] Zielt auf Qg7+ ab.} Rhf8 {[%emt 0:5:35] [#]} 26. f5 (26. e5 $1 )e5 (26... Ke8 27. e5 (27. fxg6 Qc5 $16 )(27. Qxd6 Qxd6 28. Rxd6 gxf5 $11 )Qc5 )27. Nd5+ Kd8 28. Qa7 Qb7 29. Qe3 g5 30. Rh1 Qc6 31. Rxh6 Qc5 32. Qxg5+ Kc8 33. Qd2 a5 34. g5 a4 35. b4 Qg1+ (35... Bc6 $142 36. Ne7+ Kd7 37. Nxc6 Kxc6 38. b5+ Kd7 39. Rh7+ Ke8 )36. Kc2 {[%emt 0:1:16][%cal Bb1c2,Bc2d1,Bd1e2,Be2f3][%mdl 32] [#] Und Ne7+ würde nun gewinnen.} Qa1 37. Ne7+ Kb7 38. Qxd6 (38. Qd5+ $142 Ka7 39. Nc6+ (39. Rxd6 Qxa2+ 40. Kd3 Qb3+ 41. Ke2 Rxb4 $18 )Kb7 40. Nxb8+ Kc8 41. Nxd7 (41. Qxd6 Qxa2+ 42. Kd3 Qb3+ 43. Kd2 Qb2+ 44. Ke1 Qc3+ 45. Kf2 Qd4+ 46. Qxd4 exd4 $18 )Qxa2+ 42. Kd3 Qb3+ 43. Ke2 )Qxa2+ 39. Kd1 Qa1+ 40. Ke2 {[%emt 0:0:52] Weiß setzt Matt.} Qb2+ 41. Kf3 Qd4 42. Qa6+ Kc7 43. Nd5+ Kd8 44. Qd6 {[%emt 0:0:0][%csl LRb8,LRf8] Gewichteter Fehlerwert: Weiß=0.27 (präzise) /Schwarz=0.83.  Verlustzug:     	---       	Schwarz=1     Fehler:       	Weiß=4     	Schwarz=4     Ungenau:       	---       	Schwarz=4     OK:         	Weiß=9     	Schwarz=7     Bester:       	Weiß=2     	Schwarz=1} 1-0

[Event "57th Biel Festival MTO 2024"]
[White "Fromm,Marius"]
[Black "Kolbus,Dietmar"]
[Site "Biel"]
[Round "4.26"]
[Annotator "TA"]
[Result "1-0"]
[Date "2024.07.18"]
[WhiteElo "2465"]
[BlackElo "2234"]
[PlyCount "67"]
[TimeControl "60"]

1. e4 e5 2. Nf3 Nf6 3. Nxe5 d6 4. Nf3 Nxe4 5. d4 d5 6. Bd3 Be7 7. O-O Nd6 8. Bf4 Nd7 9. Re1 Nf6 (9... O-O $14 )10. Nbd2 (10. Qe2 $16 )O-O $14 {[%emt 0:0:49] White is slightly better.} 11. c3 Re8 12. Qc2 Bf8 13. Re5 c6 14. Rae1 g6 15. Bg5 {[%emt 0:4:34] Hoping for Bxf6.} Re6 16. c4 Nde8 17. Nf1 Be7 18. Ne3 (18. h3 {simplifies} Nc7 19. Ne3 Rxe5 20. dxe5 Nfe8 21. Bxe7 Qxe7 22. cxd5 Nxd5 23. Nxd5 cxd5 24. Rc1 )Nc7 19. h4 (19. h3 {simplifies} Rxe5 20. dxe5 Nfe8 21. Bxe7 Qxe7 22. cxd5 Nxd5 23. Nxd5 cxd5 24. Rc1 )Kg7 {[%emt 0:9:19] [#]} (19... Rxe5 $14 20. dxe5 (20. Nxe5 Ne6 $11 )Nh5 )20. h5 $1 $16 {[%emt 0:1:53] White is much more active.} Rxe5 (20... Nxh5 $2 21. Bxe7 Qxe7 22. Rxh5 $18 (22. cxd5 Nxd5 23. Nxd5 cxd5 $15 ))21. Nxe5 (21. dxe5 $6 Nxh5 22. Bxe7 Qxe7 $11 )dxc4 $2 {[%emt 0:5:4] A mistake that costs the game.} (21... Nxh5 $16 {keeps fighting.} 22. Nxc6 bxc6 23. Bxe7 Qd7 (23... Qxe7 $2 24. Nf5+ Bxf5 25. Rxe7 $18 ))22. N3xc4 Ng8 {[%emt 0:8:28] [#] Prevents Bh6+.} (22... Nxh5 $2 23. Bh6+ (23. Nxf7 Kxf7 24. Rxe7+ Qxe7 $18 )Kxh6 (23... Kg8 $2 24. Nxf7 Qxd4 25. Rxe7 $18 )24. Nxf7+ Kg7 25. Nxd8 $18 )(22... Be6 )23. h6+ $1 $18 {[%emt 0:6:29][%mdl 512] White is clearly winning.} Kf8 {[%emt 0:0:10] [#]} 24. Nxf7 $1 Kxf7 (24... Qd5 25. Nce5 )25. Ne5+ Kf8 {[%emt 0:0:11] [#]} 26. Nxg6+ $1 hxg6 27. h7 {[%emt 0:0:2] White wants to mate with Bc4.} Bxg5 28. Bc4 (28. h8=B $2 {loses.} Bf6 29. Bxf6 Qxf6 $19 )Kg7 29. hxg8=Q+ Qxg8 30. Bxg8 {[%emt 0:0:8] aiming for Qb3.} Bf5 31. Qc5 Na6 {[%emt 0:10:29] [#]} 32. Re7+ $1 Kf8 (32... Bxe7 33. Qxe7+ )33. Rf7+ (33. Rxb7+ $2 {perishes.} Nxc5 34. dxc5 Kxg8 $19 )Kxg8 34. Qc4 {[%emt 0:1:37] Weighted Error Value: White=0.21 (precise) /Black=0.45.  Loses game:     	---       	Black=1      Mistake:       	White=1     	Black=3      Inaccurate:     	---       	Black=2      OK:         	White=4     	Black=8      Best:        	---       	Black=1} 1-0

[Event "57th Biel Festival MTO 2024"]
[White "Vemparala,Nikash"]
[Black "Amartuvshin,Ganzorig"]
[Site "Biel"]
[Round "4.27"]
[Annotator "TA"]
[Result "0-1"]
[Date "2024.07.18"]
[WhiteElo "2170"]
[BlackElo "2411"]
[PlyCount "76"]
[TimeControl "60"]

1. e4 c5 2. Nf3 e6 3. b3 a6 4. Bb2 Nc6 5. c4 Nf6 6. e5 Ng4 7. h3 Nh6 8. Nc3 {[%emt 0:3:7] The position is equal.} d6 9. exd6 Bxd6 10. Ne4 ({White should try} 10. d4 $11 )O-O $15 11. Be2 Be7 (11... Nf5 $15 )12. O-O (12. d4 $1 $11 {remains equal.} )Nf5 13. Re1 b6 14. Bf1 Bb7 15. d3 Qd7 16. Qd2 Rad8 17. Rad1 Qc7 18. Bc3 h6 19. Qb2 Nfd4 20. Ned2 Bf6 21. a3 a5 22. Re3 {[%emt 0:2:30] [#]} (22. Be2 $17 )Rd7 ({Better is} 22... Nxf3+ $1 $19 23. Nxf3 Nd4 )23. Ne4 Nxf3+ 24. Rxf3 Bd4 25. Bxd4 cxd4 ({Don't take} 25... Rxd4 26. Nc3 $17 )26. h4 (26. Nd2 {might work better.} )f5 $19 27. Nd2 Ne5 $36 {[%emt 0:0:0][%mdl 2048] Black is really pushing.} 28. Rh3 Ng4 {[%emt 0:0:48] Black has more active pieces.} 29. Re1 e5 {[%emt 0:0:50][%cal Oe5e4] ...e4! would now be deadly.} 30. b4 (30. Be2 $17 )a4 (30... e4 $19 {has better winning chances. White must now prevent ...Qf4.} 31. c5 bxc5 32. bxc5 e3 (32... Qxc5 $2 33. Be2 $19 )33. fxe3 dxe3 )31. Qc2 (31. Be2 $17 {is a better defense.} )Re7 {[%cal Oe5e4] And now ...e4! would win.} 32. h5 $2 {[%emt 0:6:35] [#]} (32. c5 $17 )e4 $1 {[%emt 0:0:58] Threatens to win with ...e3.} 33. dxe4 (33. c5 e3 34. fxe3 dxe3 (34... Rxe3 $2 35. Rexe3 dxe3 36. Nf3 $19 )(34... Nxe3 35. Qxa4 bxc5 36. bxc5 $17 )35. Nc4 bxc5 (35... Qf4 $2 36. Re2 $19 )36. Na5 )fxe4 {[%emt 0:0:42] Black is clearly winning.} 34. Nxe4 {[%emt 0:0:0] [#]} Nxf2 $1 35. Rh4 (35. Rf3 Rxf3 )Bxe4 36. Rhxe4 Rxe4 (36... Ng4 $142 37. g3 Qxg3+ (37... Ne3 $2 38. R1xe3 dxe3 39. Rxe7 $19 )38. Qg2 Qxe1 (38... Rxf1+ 39. Rxf1 Qxg2+ 40. Kxg2 $19 )39. Rxe1 Rxe1 )37. Rxe4 Qg3 {[%emt 0:0:0] ( -> ...Nh3+)} 38. Be2 d3 {[%emt 0:1:42] Weighted Error Value: White=0.74/Black=0.39.  Loses game:     	White=1     	---        Mistake:       	White=7     	Black=3      Inaccurate:     	White=3     	Black=1      OK:         	White=9     	Black=11     Strong:       	---       	Black=1} 0-1

[Event "57th Biel Festival MTO 2024"]
[White "Vantika Agrawal"]
[Black "Papaux,Steve"]
[Site "Biel"]
[Round "4.28"]
[Annotator "TA"]
[Result "1-0"]
[Date "2024.07.18"]
[WhiteElo "2390"]
[BlackElo "2188"]
[PlyCount "105"]
[TimeControl "60"]

1. d4 d5 2. c4 c6 3. Nf3 Nf6 4. e3 Bg4 5. h3 Bxf3 6. Qxf3 e6 7. Bd3 Bb4+ 8. Nc3 Nbd7 9. O-O O-O 10. Qd1 Qe7 11. Qb3 {[%emt 0:3:1] The position is equal.} dxc4 12. Bxc4 Rab8 13. Bd2 Bd6 14. Qc2 e5 15. dxe5 Qxe5 16. f4 Qc5 17. Bd3 b5 {[%emt 0:8:34] [#]} 18. b4 $1 Qb6 (18... Qxb4 $2 19. Ne4 (19. Nxb5 Qc5 $16 )Qa3 20. Bc1 $18 )19. Ne4 Nxe4 20. Bxe4 Nf6 21. Qxc6 Nxe4 22. Qxe4 Rfe8 23. Qf3 Qb7 24. Qxb7 Rxb7 25. Rac1 f5 {[%emt 0:3:58] [#] White leaves nothing to chance now.} ({Black should try} 25... Rd7 $14 )26. Kf2 $1 $16 Re4 27. a3 Kf7 28. Rfd1 a5 29. Rc6 Be7 (29... Re6 $142 30. g4 (30. bxa5 Bxa3 31. Rxe6 Kxe6 $16 )g6 )30. bxa5 $18 Bxa3 (30... Rd7 {was worth a try.} 31. Ke2 Bxa3 )31. Bc3 Ra4 32. Rd5 g6 33. a6 Ra7 34. Rxb5 {[%emt 0:0:25] Rb7+ would now be deadly.} R4xa6 35. Rxa6 Rxa6 {[%emt 0:0:8][%mdl 4096] Endgame. KRB-KRB} 36. Rb7+ Ke6 37. Rxh7 Bc5 38. Rc7 Bb6 (38... Be7 $142 39. Kf3 Ra2 )39. Rg7 Kd5 40. Bd4 ({Stronger than} 40. Rxg6 Bxe3+ 41. Kxe3 Rxg6 $11 )Bxd4 {[%emt 0:0:5] KRB-KR} (40... Bd8 $142 41. Kf3 Ba5 )41. Rd7+ Ke6 42. Rxd4 {[%emt 0:0:5] KR-KR} Kf6 43. Kf3 Ke6 44. Rd1 Rb6 45. h4 Rb7 46. g3 Ra7 47. Rb1 Kf6 48. Rb6+ Kg7 49. Rb3 {[%emt 0:0:0] Wards off Ra3} Re7 50. g4 Kh6 51. g5+ Kh5 52. Rb8 Rh7 53. Rg8 {[%emt 0:0:0] Weighted Error Value: White=0.09 (flawless) /Black=0.27 (precise) .  Mistake:       	---       	Black=5      Inaccurate:     	White=1     	Black=3      OK:         	White=19    	Black=9      Best:        	White=2     	Black=1      Strong:       	White=1     	---} 1-0

[Event "57th Biel Festival MTO 2024"]
[White "Boldoo,Erdenepurev"]
[Black "Vincenti,Leonardo"]
[Site "Biel"]
[Round "4.29"]
[Annotator "TA"]
[Result "1/2-1/2"]
[Date "2024.07.18"]
[WhiteElo "2385"]
[BlackElo "2166"]
[PlyCount "212"]
[TimeControl "60"]

1. Nf3 d5 2. c4 e6 3. g3 Nf6 4. Bg2 dxc4 5. O-O Be7 6. Qc2 c5 7. Na3 Nc6 8. Nxc4 O-O 9. b3 {[%emt 0:1:34] A14: English Opening: 1...e6 with b3 by White.} Qc7 10. Bb2 b5 11. Nce5 Bb7 12. Rac1 Rac8 13. Qb1 $146 ({Predecessor:} 13. Nxc6 Bxc6 14. Ng5 g6 15. Bxf6 Bxf6 16. Bxc6 Qxc6 17. Ne4 Be7 18. d3 f5 19. Nd2 {1-0 Svane,R (2620)-Ronka,E (2281) Titled Tuesday intern op 21st Mar Late blitz 2023 (3)} )Qb8 14. Nxc6 Bxc6 15. Bxf6 Bxf6 16. Rxc5 Bxf3 17. Rxc8 Rxc8 18. Bxf3 Qe5 19. Qd3 g6 20. e3 b4 21. Qa6 Rc2 22. d4 Qf5 23. Be2 Rd2 24. Rc1 Qe4 25. a3 Bxd4 26. axb4 Bb6 27. Qc8+ Rd8 28. Qc4 Qe5 29. Rc2 Qd6 30. Kg2 Rd7 31. Bf3 Rc7 32. Bc6 Rc8 33. h4 h5 34. b5 Rd8 35. Be4 Qe5 36. Bf3 Kg7 37. Qe2 Rd7 38. Bc6 Rd8 39. Rc4 Qd6 40. Rf4 e5 41. Rc4 Qd2 42. Kf1 Qxe2+ 43. Kxe2 Kf6 44. e4 Rd6 45. Bd5 Kg7 46. Rc8 Rd7 47. Re8 Kf6 48. Rf8 Kg7 49. Rb8 Kf6 50. f4 (50. f3 $14 )Re7 51. Kf3 Ba5 52. Bc4 Bb6 (52... exf4 $11 53. gxf4 Kg7 )53. Rc8 Rc7 54. Rf8 (54. fxe5+ {simplifies} Kxe5 55. Rxc7 Bxc7 56. Bxf7 Kf6 57. Be8 )Re7 55. Rb8 Rc7 56. Re8 Re7 57. Rf8 Ba5 58. fxe5+ Kg7 $1 59. Rb8 Bc7 60. Rb7 Bd8 $1 61. Rb8 Bc7 62. Rc8 (62. Rb7 Bd8 63. Rb8 Bb6 $14 )Bxe5 63. Rc6 Bd4 64. Bd5 Bb6 65. g4 hxg4+ 66. Kxg4 Rd7 67. h5 gxh5+ 68. Kxh5 Re7 69. Kg4 Bc7 70. Kf3 Bb6 71. Rc1 Kg6 72. Kf4 Bc7+ 73. Kg4 Bb6 74. Rf1 Bc7 75. Rf5 f6 76. Rf2 Bb6 77. Rc2 Re8 78. Kf4 Re5 79. Rc8 Re7 80. Rg8+ Rg7 81. Re8 Bc7+ 82. Ke3 Kg5 83. Be6 Bb6+ 84. Kf3 Kg6 85. Kg4 Ba5 86. Rh8 Re7 87. Bd5 Rh7 88. Rg8+ Rg7 89. Rf8 Re7 90. Kf4 Bb6 91. Rg8+ Rg7 92. Re8 Bc7+ 93. Kg4 f5+ 94. Kf3 ({Resist} 94. exf5+ $6 Kf6+ 95. Kf3 Kxf5 $18 )fxe4+ 95. Kxe4 Bb6 96. Ke5 Bc7+ 97. Ke6 Kg5 98. Rf8 Rg6+ 99. Kd7 Bb6 100. Bc6 Rf6 101. Rb8 Kf5 102. Rxb6 axb6 103. Kc7 Ke5 104. Kxb6 Kd6 105. Ka6 Kc7 106. Ka5 Kb8 1/2-1/2

[Event "57th Biel Festival MTO 2024"]
[White "Coles,Ruben"]
[Black "Chinguun,Sumiya"]
[Site "Biel"]
[Round "4.30"]
[Annotator "RC"]
[Result "0-1"]
[Date "2024.07.18"]
[WhiteElo "2141"]
[BlackElo "2348"]
[PlyCount "62"]
[TimeControl "60"]

1. e4 c5 2. Nf3 d6 3. Bb5+ Nd7 4. O-O a6 5. Bxd7+ Bxd7 6. c3 Nf6 7. Re1 Bc6 8. d4 Bxe4 9. Bg5 Bf5 10. d5 Qc7 11. Bxf6 gxf6 12. Nh4 Bd7 13. Nd2 h5 14. b4 O-O-O 15. a4 e6 16. b5 a5 17. Ne4 Be7 18. Ng3 Rdg8 19. Qd3 Bd8 20. dxe6 fxe6 21. Ng6 Rh6 22. Nf4 h4 23. Nf1 f5 24. Qf3 d5 25. Nd3 Bf6 26. Ne3 Kb8 27. b6 Qd6 28. Nxc5 Bc6 29. Nxe6 d4 30. Qxf5 dxe3 31. f3 Bxc3 0-1